 Dungeon Crawl Stone Soup version 0.29-a0-613-gf2c431b9b9 (webtiles) character file.

Game seed: 16170856251826373726

119 kyalle the Skirmisher (level 4, 0/41 HPs)
             Began as a Minotaur Fighter on June 16, 2022.
             Was an Initiate of Gozag.
             Slain by a gnoll
             ... wielding a +0 spear
              (7 damage)
             ... on level 5 of the Dungeon.
             The game lasted 00:05:51 (1629 turns).

kyalle the Skirmisher (Minotaur Fighter)            Turns: 1629, Time: 00:05:51

Health: 0/41       AC: 13    Str: 23    XL:     4   Next: 73%
Magic:  3/3        EV:  6    Int:  5    God:    Gozag
Gold:   66         SH:  4    Dex:  9    Spells: 3/3 levels left

rFire   + . .      SeeInvis .   a - +0 long sword
rCold   + . .      Faith    .   c - +0 buckler
rNeg    . . .      Spirit   .   n - +2 plate armour {rF+}
rPois   .          Reflect  .   (helmet restricted)
rElec   .          Harm     .   (no cloak)
rCorr   .          Rampage  .   (no gloves)
Will    .....                   (no boots)
Stlth   ..........              (no amulet)
HPRegen 0.13/turn               g - ring of protection from cold
MPRegen 0.08/turn               (no ring)

@: no status effects
A: horns 2, retaliatory headbutt
a: Renounce Religion, Potion Petition, Call Merchant, Bribe Branch


You were on level 5 of the Dungeon.
You worshipped Gozag.
Gozag was noncommittal.
You visited 1 branch of the dungeon, and saw 4 of its levels.

You collected 119 gold pieces.
You paid 53 gold pieces to Gozag.

Inventory:

Hand Weapons
 a - a +0 long sword (weapon)
Armour
 b - a +0 scale mail
 c - a +0 buckler (worn)
 i - a +0 plate armour
 n - a +2 plate armour of fire resistance (worn)
Jewellery
 g - a ring of protection from cold (left hand)
Scrolls
 e - 2 scrolls of immolation
 k - 2 scrolls of teleportation
 m - a scroll of identify
 o - a scroll of amnesia {unknown}
 s - a scroll of noise {unknown}
Potions
 d - 2 potions of might
 f - a potion of haste {unknown}
 h - a potion of flight
 j - 2 potions of curing {unknown}
 l - a potion of degeneration {unknown}
 p - a potion of invisibility {unknown}
 q - a potion of brilliance {unknown}
 r - a potion of cancellation {unknown}


   Skills:
 * Level 4.9 Fighting
 * Level 4.0 Long Blades
 + Level 4.3 Armour
 + Level 4.2 Shields


You had 3 spell levels left.
You didn't know any spells.
Your spell library contained the following spells:

 Spells                   Type           Power      Damage    Failure   Level
 Magic Dart               Conj           0%         1d3       100%        1
 Call Imp                 Summ           0%         N/A       100%        2
 Mephitic Cloud           Conj/Pois/Air  0%         N/A       100%        3


Dungeon Overview and Level Annotations

Branches:
Dungeon (5/15)
 Temple: D:4-7

Altars:
Gozag


Innate Abilities, Weirdness & Mutations

You have a pair of horns on your head.
You reflexively headbutt those who attack you in melee.


Message History

You kill the gnoll!
You block the gnoll's attack.
The gnoll is distracted by your dazzling golden aura.
The gnoll hits you but does no damage.
Things that are here:
3 gold pieces; a +0 whip You hit the gnoll.
The gnoll is moderately wounded.
The gnoll barely misses you. The gnoll hits you with a +0 halberd.
You slash the gnoll! Your headbutt misses the gnoll.
The gnoll is almost dead.
The gnoll hits you with a +0 halberd.
You slash the gnoll!
You kill the gnoll!
Your Long Blades skill increases to level 4!
The gnoll is no longer distracted by gold.
The gnoll hits you with a +0 spear.
* * * LOW HITPOINT WARNING * * *
Things that are here:
6 gold pieces; a +0 halberd You hit the gnoll.
The gnoll is moderately wounded.
The gnoll barely misses you. You furiously retaliate!
You headbutt the gnoll, but do no damage.
You hit the gnoll but do no damage.
The gnoll is moderately wounded.
The gnoll hits you with a +0 spear.
* * * LOW HITPOINT WARNING * * *
The gnoll hits you but does no damage.
You barely miss the gnoll.
The gnoll is moderately wounded.
The gnoll hits you but does no damage.
You closely miss the gnoll. You headbutt the gnoll.
The gnoll is moderately wounded.
The gnoll hits you but does no damage.
You hit the gnoll.
The gnoll is severely wounded.
The gnoll hits you with a +0 spear!
You die...
Your body crumbles into a pile of gold.

### ..# #.#
# #.# #.#
#g# #@# #$#
#.# #.####
#.# ......
#.# ######
#.#########
#>........#
#########.#
#.#


You could see a gnoll.

Vanquished Creatures
  2 gnolls (D:5)
  3 adders
  4 worms
  4 dart slugs
  3 orcs (D:3)
  5 ball pythons
  3 endoplasms (D:1)
  A giant cockroach (D:1)
  5 goblins
  3 hobgoblins (D:2)
  3 quokkas
  7 bats
  5 frilled lizards
  3 kobolds
  3 rats (D:1)
54 creatures vanquished.

Notes
Turn   | Place    | Note
-------+----------+-------------------------------------------
     0 | D:1      | kyalle the Minotaur Fighter began the quest for the Orb.
     0 | D:1      | Reached XP level 1. HP: 19/19 MP: 0/0
   100 | D:1      | Reached XP level 2. HP: 27/27 MP: 1/1
   659 | D:2      | Reached XP level 3. HP: 20/33 MP: 2/2
  1071 | D:2      | Found a faded altar of an unknown god.
  1254 | D:3      | Reached XP level 4. HP: 37/41 MP: 3/3
  1487 | D:3      | You fall into a shaft and drop 2 floors!
  1487 | D:5      | Entered Level 5 of the Dungeon
  1506 | D:5      | Found an opulent altar of Gozag.
  1526 | D:5      | Became a worshipper of Gozag Ym Sagoz the Greedy
  1629 | D:5      | Slain by a gnoll

Illustrated notes

Levels and vault maps discovered:
D:1:      dpeg_arrival_pits, layout_rooms
D:2:      layout_rooms, shapermc_ecumenical_altar_mp_highgroup
D:3:      layout_rooms
D:5:      layout_loops_ring, nicolae_gozag_seed_capital, temple_hall,
          uniq_prince_ribbit1

Skill      XL: |  1  2  3  4 |
---------------+-------------+-----
Fighting       | 4 |  4.9
Long Blades    | 3 4 |  4.0
Armour         | 4 |  4.3
Shields        | 4 |  4.2

Action                   |  1- 3 |  4- 6 || total
-------------------------+-------+-------++-------
Melee: Long sword        |   104 |    53 ||   157
       Headbutt          |    18 |     7 ||    25
  Use: Scroll            |     2 |     4 ||     6
Armor: Scale mail        |    18 |       ||    18
       Plate armour      |    60 |    45 ||   105
Dodge: Dodged            |    27 |    17 ||    44
Block: Buckler           |    32 |    12 ||    44

Table legend: (Time is in decaauts)
 A = Elapsed time spent in this place.
 B = Non-inter-level travel time spent in this place.
 C = Inter-level travel time spent in this place.
 D = Time resting spent in this place.
 E = Time spent auto-exploring this place.
 F = Levels seen in this place.
 G = Mean time per level.
                   A        B        C        D        E       F      G
               +--------+--------+--------+--------+--------+-----+--------+
         Total |   1672 |   1517 |    155 |      0 |    880 |   4 |  418.0 |
       Dungeon |   1672 |   1517 |    155 |      0 |    880 |   4 |  418.0 |
               +--------+--------+--------+--------+--------+-----+--------+

Top non-repeatable levels by time:
     D:2: 733 daAuts
     D:1: 544 daAuts
     D:3: 248 daAuts
     D:5: 146 daAuts
